General information
- name: BNet
- type: Ladder team game (AT/RT)
- host: Battle.net
- saver: AIternateQueque
map: Cherryville
- players: 8
- length: 37:55
- speed: Fast
- version: 1.26 W3XP
- replay type: Public
» download(255 KB)
Players
team 1 (loser)

»
spy_BrN (
red | 60 APM | 2270 actions | 37:52)
10 Dreadlord
3 Vampiric Aura
3 Carrion Swarm
1 Inferno
3 Sleep
» actions
| Assign group hotkey | 26 | |
| Basic commands | 7 | |
| Build / train | 88 | |
| ESC pressed | 4 | |
| Enter build submenu | 37 | |
| Enter hero's abilities submenu | 10 | |
| Give item / drop item | 5 | |
| Remove unit from queue | 1 | |
| Right click | 1097 | |
| Select / deselect | 485 | |
| Select group hotkey | 417 | |
| Use ability | 93 | |
2270 total
» units
| Acolyte | 11 | |
| Ghoul | 15 | |
| Goblin Shredder | 3 | |
| Frost Wyrm | 10 | |
| Meatwagon | 2 | |
| Abomination | 5 | |
46 total
» upgrades
| Cannibalize | 0 | |
| Creature Attack | 3 | |
| Freezing Breath | 1 | |
| Creature Carapace | 2 | |
| Disease Cloud | 1 | |
| Unholy Strength | 1 | |
| Unholy Armor | 1 | |
9 total
» buildings
| Crypt | 1 | |
| Ziggurat | 22 | |
| Altar of Darkness | 1 | |
| Graveyard | 1 | |
| Tomb of Relics | 1 | |
| Spirit Tower | 8 | |
| Halls of the Dead | 2 | |
| Black Citadel | 1 | |
| Necropolis | 1 | |
| Sacrificial Pit | 1 | |
| Nerubian Tower | 2 | |
| Boneyard | 2 | |
| Slaughterhouse | 1 | |
44 total
» build order
00:09 Crypt
00:11 Ziggurat
00:35 Altar of Darkness
00:54 Ziggurat
01:45 Graveyard
02:12 Ziggurat
02:46 Tomb of Relics
03:33 Spirit Tower
05:00 Halls of the Dead
06:18 Ziggurat
06:25 Ziggurat
07:14 Ziggurat
10:35 Black Citadel
11:06 Ziggurat
11:32 Ziggurat
11:33 Ziggurat
11:36 Ziggurat
11:40 Necropolis
11:44 Ziggurat
11:46 Ziggurat
11:57 Sacrificial Pit
12:07 Ziggurat
12:47 Spirit Tower
12:48 Spirit Tower
12:50 Spirit Tower
12:51 Spirit Tower
12:53 Spirit Tower
12:54 Nerubian Tower
12:54 Nerubian Tower
12:59 Boneyard
13:02 Boneyard
13:30 Halls of the Dead
15:58 Ziggurat
16:02 Ziggurat
16:07 Ziggurat
18:36 Slaughterhouse
18:47 Spirit Tower
20:49 Spirit Tower
20:58 Ziggurat
21:19 Ziggurat
21:23 Ziggurat
21:28 Ziggurat
21:30 Ziggurat
21:31 Ziggurat
» items
| Rod of Necromancy | 1 | |
| Dust of Appearance | 1 | |
| Orb of Corruption | 1 | |
| Scroll of Town Portal | 2 | |
| Potion of Healing | 1 | |
| Scroll of Healing | 1 | |
| Potion of Mana | 1 | |
8 total

»
chedski420 (
pink | 29 APM | 805 actions | 27:48)
7 Lich
3 Frost Nova
2 Frost Armor
1 Dark Ritual
1 Death and Decay
» actions
| Assign group hotkey | 28 | |
| Basic commands | 70 | |
| Build / train | 66 | |
| ESC pressed | 2 | |
| Enter build submenu | 20 | |
| Enter hero's abilities submenu | 7 | |
| Right click | 156 | |
| Select / deselect | 178 | |
| Select group hotkey | 237 | |
| Use ability | 40 | |
805 total
» units
| Acolyte | 8 | |
| Ghoul | 8 | |
| Crypt Fiend | 6 | |
| Gargoyle | 8 | |
| Frost Wyrm | 4 | |
| Abomination | 5 | |
39 total
» upgrades
| Creature Carapace | 3 | |
| Creature Attack | 3 | |
| Web | 1 | |
| Freezing Breath | 1 | |
| Unholy Armor | 1 | |
9 total
» buildings
| Altar of Darkness | 1 | |
| Ziggurat | 7 | |
| Crypt | 1 | |
| Graveyard | 1 | |
| Halls of the Dead | 1 | |
| Spirit Tower | 5 | |
| Black Citadel | 1 | |
| Sacrificial Pit | 1 | |
| Tomb of Relics | 1 | |
| Boneyard | 1 | |
| Necropolis | 1 | |
| Slaughterhouse | 1 | |
22 total
» build order
00:13 Altar of Darkness
00:16 Ziggurat
00:41 Crypt
01:54 Ziggurat
02:05 Graveyard
02:40 Ziggurat
04:03 Halls of the Dead
05:45 Spirit Tower
05:48 Spirit Tower
06:23 Ziggurat
07:23 Black Citadel
09:12 Spirit Tower
10:39 Sacrificial Pit
11:10 Ziggurat
12:27 Tomb of Relics
12:53 Boneyard
13:42 Ziggurat
15:33 Ziggurat
16:02 Necropolis
18:08 Slaughterhouse
18:24 Spirit Tower
18:25 Spirit Tower
» items

»
pollo_asado (
purple | 61 APM | 1943 actions | 32:01)
5 Keeper of the Grove
3 Entangling Roots
1 Thorns Aura
1 Tranquility
4 Priestess of the Moon
2 Trueshot Aura
2 Searing Arrows
3 Warden
1 Blink
2 Fan of Knives
» actions
| Assign group hotkey | 54 | |
| Basic commands | 79 | |
| Build / train | 108 | |
| Enter build submenu | 23 | |
| Enter hero's abilities submenu | 12 | |
| Remove unit from queue | 16 | |
| Right click | 818 | |
| Select / deselect | 489 | |
| Select group hotkey | 233 | |
| Use ability | 111 | |
1943 total
» units
| Wisp | 34 | |
| Huntress | 4 | |
| Druid of the Talon | 19 | |
| Mountain Giant | 5 | |
62 total
» upgrades
| Reinforced Hides | 1 | |
| Strength of the Wild | 1 | |
| Druid of the Talon Training | 2 | |
| Resistant Skin | 1 | |
| Hardened Skin | 1 | |
| Mark of the Talon | 1 | |
7 total
» buildings
| Moon Well | 8 | |
| Hunter's Hall | 1 | |
| Ancient of War | 2 | |
| Altar of Elders | 1 | |
| Tree of Ages | 4 | |
| Tree of Life | 3 | |
| Ancient of Wonders | 1 | |
| Ancient of Wind | 2 | |
| Ancient of Lore | 2 | |
| Tree of Eternity | 3 | |
27 total
» build order
00:22 Moon Well
01:13 Hunter's Hall
01:24 Ancient of War
01:38 Moon Well
02:00 Ancient of War
02:09 Altar of Elders
02:48 Moon Well
03:34 Moon Well
05:48 Tree of Ages
05:48 Tree of Ages
05:48 Tree of Ages
07:16 Tree of Life
07:58 Ancient of Wonders
08:54 Ancient of Wind
09:01 Ancient of Wind
09:07 Ancient of Lore
09:27 Moon Well
11:18 Tree of Life
12:19 Tree of Life
12:47 Tree of Eternity
12:48 Tree of Eternity
13:36 Moon Well
13:37 Moon Well
13:38 Moon Well
14:02 Ancient of Lore

»
The-Day-After (
yellow | 23 APM | 652 actions | 28:42)
4 Dark Ranger
2 Silence
2 Black Arrow
2 Lich
1 Frost Nova
1 Frost Armor
» actions
| Assign group hotkey | 7 | |
| Basic commands | 24 | |
| Build / train | 67 | |
| Enter build submenu | 19 | |
| Enter hero's abilities submenu | 6 | |
| Right click | 237 | |
| Select / deselect | 218 | |
| Select group hotkey | 30 | |
| Use ability | 44 | |
652 total
» units
| Acolyte | 6 | |
| Ghoul | 3 | |
| Crypt Fiend | 10 | |
| Necromancer | 8 | |
27 total
» upgrades
| Creature Attack | 2 | |
| Creature Carapace | 2 | |
| Unholy Strength | 1 | |
| Web | 1 | |
| Burrow | 1 | |
| Skeletal Longevity | 1 | |
| Necromancer Training | 1 | |
| Unholy Armor | 1 | |
| Skeletal Mastery | 1 | |
11 total
» buildings
| Ziggurat | 12 | |
| Altar of Darkness | 1 | |
| Crypt | 1 | |
| Graveyard | 1 | |
| Nerubian Tower | 3 | |
| Tomb of Relics | 1 | |
| Spirit Tower | 9 | |
| Halls of the Dead | 1 | |
| Temple of the Damned | 1 | |
| Black Citadel | 1 | |
31 total
» build order
00:34 Ziggurat
00:39 Altar of Darkness
00:43 Crypt
01:15 Graveyard
01:28 Nerubian Tower
01:43 Tomb of Relics
02:56 Ziggurat
03:50 Ziggurat
04:27 Ziggurat
05:22 Spirit Tower
06:12 Halls of the Dead
06:25 Spirit Tower
06:39 Spirit Tower
07:58 Ziggurat
09:31 Temple of the Damned
09:38 Ziggurat
09:58 Spirit Tower
11:27 Spirit Tower
13:33 Black Citadel
14:20 Ziggurat
15:17 Spirit Tower
15:49 Ziggurat
17:52 Spirit Tower
18:23 Ziggurat
18:46 Ziggurat
19:28 Nerubian Tower
19:44 Spirit Tower
22:05 Ziggurat
23:05 Spirit Tower
23:38 Ziggurat
25:28 Nerubian Tower
» items
| Rod of Necromancy | 1 | |
| Sacrificial Skull | 2 | |
| Dust of Appearance | 1 | |
| Periapt of Vitality | 1 | |
| Boots of Speed | 1 | |
| Scroll of Town Portal | 1 | |
7 total
team 2 (winner)
VanSky (
teal | 124 APM | 4713 actions | 37:53)
6 Archmage
2 Summon Water Elemental
3 Brilliance Aura
1 Mass Teleport
6 Paladin
3 Holy Light
3 Divine Shield
» actions
| Assign group hotkey | 35 | |
| Basic commands | 397 | |
| Build / train | 108 | |
| Enter build submenu | 41 | |
| Enter hero's abilities submenu | 12 | |
| Give item / drop item | 4 | |
| Right click | 1364 | |
| Select / deselect | 772 | |
| Select group hotkey | 1778 | |
| Use ability | 199 | |
4713 total
» units
| Peasant | 9 | |
| Footman | 5 | |
| Goblin Shredder | 1 | |
| Spell Breaker | 9 | |
| Siege Engine | 8 | |
| Mortar Team | 1 | |
| Gryphon Rider | 3 | |
36 total
» upgrades
| Lumber Harvesting | 2 | |
| Plating | 3 | |
| Swords | 2 | |
| Masonry | 3 | |
| Control Magic | 1 | |
| Barrage | 1 | |
| Magic Sentry | 1 | |
| Gunpowder | 3 | |
| Fragmentation Shards | 1 | |
| Armor | 2 | |
19 total
» buildings
| Barracks | 1 | |
| Altar of Kings | 1 | |
| Farm | 13 | |
| Lumber Mill | 1 | |
| Keep | 2 | |
| Scout Tower | 9 | |
| Arcane Vault | 2 | |
| Castle | 1 | |
| Arcane Tower | 2 | |
| Blacksmith | 1 | |
| Arcane Sanctum | 2 | |
| Workshop | 3 | |
| Town Hall | 2 | |
| Guard Tower | 9 | |
| Gryphon Aviary | 2 | |
51 total
» build order
00:16 Barracks
00:22 Altar of Kings
00:30 Farm
01:14 Farm
01:56 Farm
02:43 Lumber Mill
02:55 Farm
03:38 Farm
03:41 Keep
03:41 Keep
04:29 Scout Tower
05:10 Arcane Vault
06:05 Castle
06:18 Arcane Tower
06:31 Blacksmith
07:59 Arcane Sanctum
09:10 Arcane Sanctum
10:56 Workshop
11:02 Workshop
11:53 Farm
12:37 Scout Tower
12:56 Town Hall
13:01 Scout Tower
13:17 Guard Tower
13:34 Arcane Tower
14:26 Farm
14:36 Scout Tower
15:04 Farm
15:09 Guard Tower
15:17 Farm
15:50 Scout Tower
16:04 Farm
16:54 Guard Tower
16:56 Scout Tower
17:15 Scout Tower
17:29 Guard Tower
17:29 Guard Tower
17:33 Farm
18:08 Guard Tower
18:11 Arcane Vault
18:21 Scout Tower
18:47 Workshop
19:08 Guard Tower
19:11 Scout Tower
22:04 Farm
22:51 Farm
29:47 Town Hall
34:14 Gryphon Aviary
34:16 Gryphon Aviary
» items
| Healing Salve | 2 | |
| Orb of Fire | 1 | |
| Scroll of Town Portal | 4 | |
| Potion of Healing | 1 | |
| Potion of Mana | 1 | |
9 total
AIternateQueque (
green | 77 APM | 2926 actions | 37:55)
10 Blademaster
3 Wind Walk
3 Critical Strike
1 Bladestorm
3 Mirror Image
» actions
| Assign group hotkey | 60 | |
| Basic commands | 23 | |
| Build / train | 116 | |
| Enter build submenu | 40 | |
| Enter hero's abilities submenu | 10 | |
| Give item / drop item | 15 | |
| Right click | 1485 | |
| Select / deselect | 445 | |
| Select group hotkey | 597 | |
| Use ability | 135 | |
2926 total
» units
| Peon | 15 | |
| Grunt | 12 | |
| Troll Batrider | 27 | |
| Demolisher | 1 | |
55 total
» upgrades
| Ranged Weapons | 3 | |
| Pillage | 1 | |
| Berserker Strength | 1 | |
| Troll Regeneration | 1 | |
| Reinforced Defenses | 1 | |
| Armor | 3 | |
| Liquid Fire | 1 | |
| Berserker Upgrade | 1 | |
| Spiked Barricades | 3 | |
| War Drums Damage Increase | 1 | |
| Backpack | 1 | |
| Envenomed Spears | 1 | |
| Ensnare | 1 | |
| Burning Oil | 1 | |
| Melee Weapons | 1 | |
21 total
» buildings
| Altar of Storms | 1 | |
| Orc Burrow | 8 | |
| Barracks | 1 | |
| Voodoo Lounge | 1 | |
| Stronghold | 1 | |
| War Mill | 1 | |
| Beastiary | 4 | |
| Fortress | 1 | |
| Watch Tower | 15 | |
| Great Hall | 1 | |
34 total
» build order
00:03 Altar of Storms
00:09 Orc Burrow
00:54 Barracks
01:25 Voodoo Lounge
01:45 Orc Burrow
03:00 Orc Burrow
04:06 Stronghold
04:53 Orc Burrow
06:14 War Mill
06:29 Beastiary
06:33 Beastiary
08:59 Fortress
09:13 Watch Tower
10:13 Great Hall
10:19 Watch Tower
10:38 Orc Burrow
10:50 Watch Tower
11:54 Watch Tower
13:26 Watch Tower
15:01 Watch Tower
15:04 Watch Tower
15:24 Watch Tower
15:28 Watch Tower
17:21 Watch Tower
17:25 Watch Tower
23:50 Beastiary
24:35 Watch Tower
24:39 Watch Tower
28:37 Watch Tower
28:42 Watch Tower
29:42 Orc Burrow
30:46 Orc Burrow
32:49 Beastiary
32:56 Orc Burrow
» items
| Healing Salve | 8 | |
| Boots of Speed | 1 | |
| Orb of Lightning | 2 | |
| Lesser Clarity Potion | 7 | |
| Scroll of Town Portal | 4 | |
| Potion of Healing | 2 | |
24 total
Sonofthestars (
blue | 22 APM | 820 actions | 37:53)
6 Paladin
3 Divine Shield
2 Devotion Aura
1 Resurrection
4 Archmage
2 Summon Water Elemental
2 Brilliance Aura
» actions
| Build / train | 122 | |
| Enter build submenu | 36 | |
| Enter hero's abilities submenu | 10 | |
| Right click | 199 | |
| Select / deselect | 391 | |
| Use ability | 62 | |
820 total
» units
| Peasant | 13 | |
| Footman | 13 | |
| Rifleman | 9 | |
| Knight | 20 | |
| Siege Engine | 11 | |
| Mortar Team | 6 | |
72 total
» upgrades
| Masonry | 3 | |
| Swords | 3 | |
| Plating | 3 | |
| Gunpowder | 3 | |
| Long Rifles | 1 | |
| Armor | 3 | |
| Barrage | 1 | |
| Animal War Training | 1 | |
| Lumber Harvesting | 1 | |
| Fragmentation Shards | 1 | |
| Flare | 1 | |
21 total
» buildings
| Altar of Kings | 1 | |
| Farm | 13 | |
| Barracks | 1 | |
| Scout Tower | 12 | |
| Arcane Tower | 5 | |
| Lumber Mill | 2 | |
| Guard Tower | 6 | |
| Keep | 1 | |
| Town Hall | 2 | |
| Blacksmith | 1 | |
| Arcane Vault | 1 | |
| Castle | 1 | |
| Workshop | 1 | |
| Cannon Tower | 1 | |
48 total
» build order
00:23 Altar of Kings
00:39 Farm
00:55 Barracks
01:18 Farm
02:01 Farm
02:10 Scout Tower
02:15 Scout Tower
02:26 Scout Tower
02:42 Arcane Tower
02:45 Farm
02:50 Arcane Tower
03:05 Arcane Tower
03:25 Farm
03:49 Lumber Mill
04:17 Farm
04:31 Scout Tower
05:10 Farm
05:14 Guard Tower
05:52 Scout Tower
05:57 Keep
06:07 Town Hall
06:24 Blacksmith
06:35 Guard Tower
06:44 Farm
07:28 Scout Tower
07:50 Arcane Vault
07:58 Arcane Tower
08:03 Scout Tower
09:02 Guard Tower
10:25 Castle
11:39 Scout Tower
12:19 Guard Tower
12:30 Workshop
15:10 Farm
18:46 Lumber Mill
19:26 Farm
23:55 Farm
24:51 Farm
25:32 Farm
26:13 Scout Tower
26:59 Arcane Tower
27:03 Scout Tower
27:09 Town Hall
27:34 Cannon Tower
27:37 Scout Tower
28:21 Guard Tower
28:26 Scout Tower
29:13 Guard Tower
» items
| Periapt of Vitality | 1 | |
| Scroll of Town Portal | 2 | |
3 total

»
HunterHero (
orange | 41 APM | 1571 actions | 37:53)
5 Blademaster
1 Wind Walk
3 Critical Strike
1 Mirror Image
4 Shadow Hunter
2 Healing Wave
2 Serpent Ward
1 Far Seer
1 Chain Lighting
» actions
| Assign group hotkey | 19 | |
| Build / train | 83 | |
| Enter build submenu | 40 | |
| Enter hero's abilities submenu | 10 | |
| Give item / drop item | 2 | |
| Remove unit from queue | 1 | |
| Right click | 917 | |
| Select / deselect | 335 | |
| Select group hotkey | 77 | |
| Use ability | 86 | |
1571 total
» units
| Peon | 15 | |
| Grunt | 2 | |
| Troll Headhunter/Berserker | 3 | |
| Wind Rider | 33 | |
53 total
» upgrades
| Armor | 3 | |
| Ranged Weapons | 3 | |
| Troll Regeneration | 1 | |
| Envenomed Spears | 1 | |
8 total
» buildings
| Altar of Storms | 2 | |
| Orc Burrow | 20 | |
| Barracks | 2 | |
| Voodoo Lounge | 3 | |
| War Mill | 1 | |
| Stronghold | 2 | |
| Beastiary | 3 | |
| Great Hall | 1 | |
| Fortress | 2 | |
36 total
» build order
00:12 Altar of Storms
00:16 Orc Burrow
00:45 Barracks
01:25 Orc Burrow
02:10 Voodoo Lounge
02:52 War Mill
04:38 Stronghold
04:47 Barracks
04:56 Orc Burrow
05:56 Orc Burrow
07:03 Beastiary
07:08 Beastiary
10:28 Great Hall
10:35 Orc Burrow
11:48 Orc Burrow
11:49 Fortress
12:35 Orc Burrow
21:23 Altar of Storms
21:32 Orc Burrow
21:41 Stronghold
21:48 Orc Burrow
22:30 Orc Burrow
22:43 Voodoo Lounge
22:46 Orc Burrow
22:55 Orc Burrow
23:44 Orc Burrow
23:58 Orc Burrow
24:27 Fortress
29:10 Orc Burrow
29:13 Orc Burrow
31:07 Orc Burrow
31:12 Orc Burrow
32:18 Voodoo Lounge
32:35 Beastiary
34:28 Orc Burrow
35:04 Orc Burrow
» items
| Healing Salve | 2 | |
| Scroll of Healing | 1 | |
| Orb of Lightning | 1 | |
4 total
Chat log
(03:29 / Allies) AIternateQueque: plan?
(04:27 / All) chedski420: ha
(16:03 / Allies) HunterHero: gg
(16:09 / Allies) AIternateQueque: ?
(21:22 / Allies) AIternateQueque: make lots of aa
(25:08 / Allies) AIternateQueque: they are just mass wyrm clowns
(25:10 / Allies) AIternateQueque: we need only aa
(25:10 / Allies) HunterHero: kk
(25:33 / Allies) HunterHero: t
(25:35 / Allies) AIternateQueque: np
(25:47 / Allies) AIternateQueque: omw to help attack
(27:04 / Allies) HunterHero: hepl
(27:51 / Allies) AIternateQueque: gj!
(27:53 / Allies) AIternateQueque: we got this
(28:31 / Allies) HunterHero: thx
(28:39 / Allies) HunterHero: k
(28:46 / All) AIternateQueque: gg
(28:47 / Allies) AIternateQueque: good work
(35:29 / All) AIternateQueque: bye
(36:29 / Allies) VanSky: wowo
(36:33 / Allies) VanSky: noob?
(36:35 / Allies) AIternateQueque: he just has a hero and a few buildings
(36:38 / Allies) AIternateQueque: red taht is
(36:46 / Allies) HunterHero: nobady hepl me
(36:56 / Allies) AIternateQueque: you are 38-55 no wonder
(37:52 / All) spy_BrN: gg? >:x